 Dungeon Crawl Stone Soup version 0.20-a0-1074-g6a0a8e1 (webtiles) character file.

142 dvd the Magician (level 5, -2/28 HPs)
             Began as a Deep Elf Air Elementalist on Apr 29, 2017.
             Killed from afar by Natasha (7 damage)
             ... with a magic dart
             ... on level 2 of the Dungeon.
             The game lasted 00:06:32 (2160 turns).

dvd the Magician (Deep Elf Air Elementalist)        Turns: 2160, Time: 00:06:33

Health: -2/28      AC:  7    Str:  5    XL:     5   Next: 3%
Magic:  4/13       EV: 20    Int: 21    God:
Gold:   79         SH:  0    Dex: 15    Spells: 9/13 levels left

rFire    + + .     SeeInvis .   (weapon currently unavailable)
rCold    + + .     Gourm    .   (shield currently unavailable)
rNeg     + + +     Faith    .   (armour currently unavailable)
rPois    ∞         Spirit   .   (helmet currently unavailable)
rElec    +         Reflect  .   (cloak currently unavailable)
rCorr    +         Harm     .   (gloves currently unavailable)
MR       .....                  (boots currently unavailable)
Stlth    ++........             (amulet currently unavailable)
Regen    0.1/turn               (ring currently unavailable)
MPRegen  0.2/turn               (ring currently unavailable)

@: about to teleport, wisp-form, flying, slowed, slow
A: no striking features
a: no special abilities


You were on level 2 of the Dungeon.
You were not hungry.
You were an insubstantial wisp.
You visited 1 branch of the dungeon, and saw 2 of its levels.

You collected 79 gold pieces.

Inventory:

Hand Weapons
 r - a cursed -1 quarterstaff
 s - a +0 short sword
 u - a +2 quarterstaff of chaos (melded)
Armour
 a - a +0 robe (melded)
 k - a +0 pair of gloves (melded)
 v - a +0 cloak (melded)
Jewellery
 q - an amulet of rage (melded)
Scrolls
 d - a scroll of recharging {unknown}
 g - 2 scrolls of identify
 h - a scroll of amnesia
 i - a scroll of teleportation
 m - a scroll of blinking {unknown}
Potions
 e - a potion of ambrosia {unknown}
 f - a potion of degeneration {unknown}
 l - 2 potions of resistance {unknown}
 n - a potion of might {unknown}
 t - a potion of mutation {unknown}
Books
 b - a book of Air

   Spells                             Type                      Level
   a - Shock                          Conjuration/Air              1
   b - Swiftness                      Charms/Air                   2
   c - Static Discharge               Conjuration/Air              3
   d - Airstrike                      Air                          4
   e - Lightning Bolt                 Conjuration/Air              5
Comestibles
 c - 2 bread rations
 j - a meat ration
 o - 2 chunks of flesh
 w - a royal jelly


   Skills:
 + Level 0.1 Fighting
 + Level 2.8 Dodging
 + Level 2.8 Stealth
 + Level 4.6 Spellcasting
 + Level 2.5 Conjurations
 + Level 4.1 Air Magic


You had 9 spell levels left.
You knew the following spells:

 Your Spells              Type           Power        Failure   Level  Hunger
a - Shock                 Conj/Air       ###.         2%          1    None
b - Static Discharge      Conj/Air       ###.....     9%          3    ##.....


Dungeon Overview and Level Annotations

Branches:
Dungeon (2/15)

Altars:
Zin

Shops:
D:2 *

Annotations:
D:2 Natasha


Message History

Forget which spell ([?*] list [ESC] exit)?
Forget which spell ([?*] list [ESC] exit)?
Okay, then.
Natasha zaps a wand.
You resist with some effort.
It is a wand of polymorph (?/24) {zapped: 5}.
Unknown command.
As you read the scroll labeled GIAPPI NEANILU, it crumbles to dust.
You feel strangely unstable.
It was a scroll of teleportation.
Natasha zaps a wand.
You turn into an insubstantial wisp.
Your +2 quarterstaff of chaos melds into your body.
Your +0 cloak melds into your body.
Your +0 pair of gloves melds into your body.
Your +0 robe melds into your body.
Your amulet of rage melds into your body.
Natasha stares at you and mumbles some strange words.
The magic dart hits you!
* * * LOW HITPOINT WARNING * * *
Natasha casts a spell at you. The magic dart hits you!
You die...

.# #...........# . .####
#..######.#.#. #. ....# #...#
#.#[#.####### #. ....# #.#.##
#.#.#....... ..
....####.#..####.#.###...#######.
..........................>....#.
....####.##.##.#.#†###...........
########.##.##.#.#h#.)...........
#...##.##.#v#.#.##.#.######.
#...##.##.#.#....#.#......h. ####
#...##.##.#.######.########. ...#
#...##.##.#.#.........[.###. ...#
#.#.##.##.#.##.###.......##. ..)#
#.#.##..#[#.##.# ######..... ####
#.#.###.#.#.##.# ##.###
###........h...#########....
#..####...#.##.........####.


You could see Natasha.

Vanquished Creatures
  Crazy Yiuf (D:2)
  Natasha (twice) (D:2)
  2 adders (D:2)
  2 worms (D:2)
  4 dart slugs
  A leopard gecko (D:2)
  2 giant cockroaches
  5 goblins
  3 hobgoblins
  4 kobolds
  5 bats
  2 frilled lizards
  4 rats (D:2)
37 creatures vanquished.

Notes
Turn   | Place    | Note
-------+----------+-------------------------------------------
     0 | D:1      | dvd the Deep Elf Air Elementalist began the quest for the Orb.
     0 | D:1      | Reached XP level 1. HP: 10/10 MP: 6/6
   197 | D:1      | Reached XP level 2. HP: 15/15 MP: 4/8
  1082 | D:2      | Noticed Natasha
  1290 | D:2      | Reached XP level 3. HP: 19/19 MP: 5/10
  1295 | D:2      | Learned a level 3 spell: Static Discharge
  1387 | D:2      | Found a runed door.
  1432 | D:2      | Noticed Crazy Yiuf
  1439 | D:2      | Killed Crazy Yiuf
  1601 | D:2      | Reached XP level 4. HP: 24/24 MP: 10/12
  1774 | D:2      | Found Zin's Purification Station.
  1778 | D:2      | Found a glowing silver altar of Zin.
  1818 | D:2      | Killed Natasha
  2126 | D:2      | Noticed Natasha
  2145 | D:2      | Killed Natasha
  2145 | D:2      | Reached XP level 5. HP: 11/28 MP: 1/13
  2158 | D:2      | Noticed Natasha
  2160 | D:2      | Killed from afar by Natasha

Vault maps used:
D:1:      evilmike_arrival_rings
D:2:      zin_purify, nrook_mini_backslash, uniq_crazy_yiuf_cottage,
          uniq_natasha

Skill      XL: |  1  2  3  4 |
---------------+-------------+-----
Spellcasting   | 4 |  4.6
Conjurations   | 2 |  2.5
Air Magic      | 4 |  4.1
Fighting       | |  0.1
Dodging        | |  2.8
Stealth        | |  2.8

Action                   |  1- 3 |  4- 6 || total
-------------------------+-------+-------++-------
Melee: Unarmed           |     3 |       ||     3
       Quarterstaff      |       |     8 ||     8
 Cast: Shock             |    54 |    32 ||    86
       Static Discharge  |       |     4 ||     4
  Use: Scroll            |       |     3 ||     3
       Potion            |       |     1 ||     1
  Eat: Chunk             |     2 |     2 ||     4
Armor: Robe              |     2 |       ||     2
Dodge: Dodged            |    20 |     5 ||    25
